 Dungeon Crawl Stone Soup version 0.27-a0-1565-gad902ab807 (webtiles) character file.

Game seed: 18255298516038619603

660608 Spaninq the Heavyweight Champion (level 27, 0/300 HPs)
             Began as a Troll Wanderer on July 16, 2021.
             Was a High Priest of Ashenzari.
             Slain by a quicksilver dragon (7 damage)
             ... on level 3 of the Realm of Zot on July 17, 2021.
             The game lasted 04:48:51 (62994 turns).

Spaninq the Heavyweight Champion (Troll Wanderer)  Turns: 62994, Time: 04:48:52

Health: 0/300      AC: 31    Str: 30    XL:     27
Magic:  27/27      EV: 12    Int: 16    God:    Ashenzari [*****.]
Gold:   3767       SH: 30    Dex:  7    Spells: 33/33 levels left

rFire    + + .     SeeInvis +     - Unarmed
rCold    + + .     Faith    .   o - +0 tower shield of the Chained Lethargy {Melee, Self} (curse)
rNeg     + . .     Spirit   .   r - +9 gold dragon scales
rPois    +         Reflect  +   S - +1 hat of Ashenzari's Annoyance {Will+, Melee, Alch} (curse)
rElec    .         Harm     .   M - +1 cloak of Starlight {*Dazzle EV+4 Stlth--, Cun, Self} (curse)
rCorr    .         Rampage  .   (gloves unavailable)
Will     +++++     Clarity  +   (boots unavailable)
Stlth    ..........             u - amulet of Ashenzari's Vexation {Reflect SH+5, Self, Bglg} (curse)
HPRegen  1.60/turn              n - ring of Ashenzari's Gnosis {rC+ rN+ Will+ Int+6 Dex-3, Melee, Fort} (curse)
MPRegen  0.20/turn              t - ring "At What Cost Knowledge?" {rF+, Evo, Melee} (curse)

@: studying 2 skills
A: large, unfitting armour, claws 3, regeneration 1, shaggy fur 1, tough skin 1,
hooves 1, deformed body, strong-willed 1, mutation resistance 1, weak 2
}: 3/15 runes: barnacled, abyssal, gossamer
a: Renounce Religion, Curse Item, Shatter the Chains


You were on level 3 of the Realm of Zot.
You worshipped Ashenzari.
Ashenzari was extremely pleased with you.
You visited 11 branches of the dungeon, and saw 48 of its levels.
You visited the Abyss 4 times.
You also visited: Trove and Bailey.

You collected 9834 gold pieces.
You spent 6067 gold pieces at shops.

Inventory:

Hand Weapons
 N - a +2 war axe of flaming
Missiles
 Q - a throwing net (quivered)
Armour
 o - the cursed +0 tower shield of the Chained Lethargy (worn) {Melee, Self}
   (You found it on level 3 of the Dungeon)

   It has a curse which improves the following skills: Melee Combat: Short
   Blades, Long Blades, Axes, Maces & Flails, Polearms, Staves and Unarmed
   Combat.
   Introspection: Fighting and Spellcasting.
 r - +9 gold dragon scales (worn)
 M - the cursed +1 cloak of Starlight (worn) {*Dazzle EV+4 Stlth--, Cun, Self}
   (You bought it in a shop on level 3 of the Dungeon)

   It may blind those who miss an attack against the wearer in melee combat.
   EV:        It affects your evasion (+4).
   Stlth:     It makes you much less stealthy.
   It has a curse which improves the following skills: Cunning: Dodging and
   Stealth.
   Introspection: Fighting and Spellcasting.
 S - the cursed +1 hat of Ashenzari's Annoyance (worn) {Will+, Melee, Alch}
   (You acquired it on level 3 of the Dungeon)

   It has a curse which improves the following skills: Melee Combat: Short
   Blades, Long Blades, Axes, Maces & Flails, Polearms, Staves and Unarmed
   Combat.
   Alchemy:   Poison Magic and Transmutations.
Jewellery
 b - the amulet "Paboywkoaric" {Spirit Will+ Slay+5}
   (You acquired it on level 2 of the Spider Nest)

   [amulet of guardian spirit]

   It causes incoming damage to be divided between your reserves of health and
   magic.
   Slay:      It affects your accuracy & damage with ranged weapons and melee
   (+5).
   Will:      It increases your willpower.
 c - a ring of wizardry
 d - a ring of resist corrosion
 f - a ring of protection from cold
 n - the cursed ring of Ashenzari's Gnosis (left claw) {rC+ rN+ Will+ Int+6 Dex-3, Melee, Fort}
   (You took it off a deep elf blademaster on level 3 of the Elven Halls)

   [ring of intelligence]

   Int:       It affects your intelligence (+6).
   Dex:       It affects your dexterity (-3).
   rC:        It protects you from cold.
   rN:        It protects you from negative energy.
   Will:      It increases your willpower.
   It has a curse which improves the following skills: Melee Combat: Short
   Blades, Long Blades, Axes, Maces & Flails, Polearms, Staves and Unarmed
   Combat.
   Fortitude: Armour and Shields.
 q - a ring of poison resistance
 t - the cursed ring "At What Cost Knowledge?" (right claw) {rF+, Evo, Melee}
   (You found it on level 4 of the Dungeon)

   [ring of protection from fire]

   rF:        It protects you from fire.
   It has a curse which improves the following skills: Evocations: Evocations.
   Melee Combat: Short Blades, Long Blades, Axes, Maces & Flails, Polearms,
   Staves and Unarmed Combat.
 u - the cursed amulet of Ashenzari's Vexation (around neck) {Reflect SH+5, Self, Bglg}
   (You found it on level 4 of the Dungeon)

   [amulet of reflection]

   It reflects blocked missile attacks.
   SH:        It affects your SH (+5).
   It has a curse which improves the following skills: Introspection: Fighting
   and Spellcasting.
   Beguiling: Conjurations, Hexes and Translocations.
 y - a +6 ring of strength
 C - a ring of flight
 G - the ring "Myhur" {Str+4 Int+2 Dex+6 Slay+2}
   (You took it off a deep elf archer on level 3 of the Elven Halls)

   [ring of dexterity]

   Str:       It affects your strength (+4).
   Int:       It affects your intelligence (+2).
   Dex:       It affects your dexterity (+6).
   Slay:      It affects your accuracy & damage with ranged weapons and melee
   (+2).
 L - a ring of protection from cold
 U - a ring of fire
 V - a ring of protection from fire
 W - the ring "Xonlac" {rC+ Int+4}
   (You took it off a deep elf zephyrmancer on level 2 of the Elven Halls)

   [ring of protection from cold]

   Int:       It affects your intelligence (+4).
   rC:        It protects you from cold.
Wands
 p - a wand of flame (155)
 x - a wand of acid (19)
 A - a wand of digging (11)
 D - a wand of mindburst (15)
 H - a wand of iceblast (31)
 K - a wand of paralysis (88)
 X - a wand of polymorph (4)
Scrolls
 g - 7 scrolls of fear
 i - 8 scrolls of enchant weapon
 j - 8 scrolls of brand weapon
 l - 7 scrolls of summoning
 m - 5 scrolls of fog
 s - 11 scrolls of teleportation
 B - 8 scrolls of magic mapping
 E - 4 scrolls of silence
Potions
 a - a potion of cancellation
 e - 4 potions of haste
 h - 6 potions of mutation
 k - 17 potions of curing
 w - 7 potions of flight
 z - 2 potions of berserk rage
 F - 7 potions of heal wounds
 I - 4 potions of might
 J - 4 potions of invisibility
 O - a potion of resistance
 P - 3 potions of ambrosia


   Skills:
 + Level 17.9(22.2) Fighting
 - Level 1.5(5.5) Polearms
 - Level 1.7 Throwing
 + Level 17.8(19.8) Armour
 + Level 16.6(18.7) Dodging
 - Level 1.0(2.5) Stealth
 + Level 19.8(21.8) Shields
 O Level 27 Unarmed Combat
 - Level 1.0(3.8) Spellcasting
 - Level 1.2 Air Magic


You had 33 spell levels left.
You didn't know any spells.
Your spell library contained the following spells:

 Spells                   Type           Power      Damage    Failure   Level
 Shock                    Conj/Air       20%        1d4       77%         1
 Apportation              Tloc           8%         N/A       83%         1
 Corona                   Hex            4%         N/A       83%         1
 Magic Dart               Conj           16%        1d3       83%         1
 Sting                    Tmut/Pois      16%        1d3       83%         1
 Foxfire                  Conj/Fire      12%        2x1d4     86%         1
 Animate Skeleton         Necr           6%         N/A       87%         1
 Freeze                   Ice            12%        1d4       87%         1
 Pain                     Necr           12%        1d4       87%         1
 Sandblast                Erth           6%         2d5       87%         1
 Summon Small Mammal      Summ           12%        N/A       87%         1
 Static Discharge         Conj/Air       5%         N/A       88%         2
 Blink                    Tloc           N/A        N/A       93%         2
 Slow                     Hex            4%         N/A       93%         2
 Wereblood                Tmut           4%         N/A       93%         2
 Passwall                 Tmut/Erth      2%         N/A       94%         2
 Call Imp                 Summ           3%         N/A       95%         2
 Swiftness                Air            7%         N/A       97%         3
 Call Canine Familiar     Summ           3%         N/A       99%         3
 Confusing Touch          Hex            4%         N/A       99%         3
 Conjure Flame            Conj/Fire      3%         6-21      99%         3
 Frozen Ramparts          Ice            6%         1d2       99%         3
 Ignite Poison            Fire/Tmut/Pois 3%         N/A       99%         3
 Inner Flame              Hex/Fire       3%         N/A       99%         3
 Mephitic Cloud           Conj/Pois/Air  5%         N/A       99%         3
 Ozocubu's Armour         Ice            3%         N/A       99%         3
 Portal Projectile        Hex/Tloc       8%         N/A       99%         3
 Stone Arrow              Conj/Erth      6%         3d7       99%         3
 Summon Guardian Golem    Hex/Summ       3%         N/A       99%         3
 Tukima's Dance           Hex            4%         N/A       99%         3
 Airstrike                Air            3%         N/A       100%        4
 Animate Armour           Summ/Erth      6%         N/A       100%        4
 Animate Dead             Necr           1%         N/A       100%        4
 Cause Fear               Hex            2%         N/A       100%        4
 Dispel Undead            Necr           3%         3d7       100%        4
 Hailstorm                Conj/Ice       3%         3d3       100%        4
 Ice Form                 Ice/Tmut       3%         N/A       100%        4
 Leda's Liquefaction      Hex/Erth       1%         N/A       100%        4
 Olgreb's Toxic Radiance  Pois           4%         N/A       100%        4
 Passage of Golubria      Tloc           N/A        N/A       100%        4
 Sticky Flame             Conj/Fire      3%         2d3       100%        4
 Summon Ice Beast         Ice/Summ       3%         N/A       100%        4
 Summon Lightning Spire   Summ/Air       5%         N/A       100%        4
 Agony                    Necr           3%         N/A       100%        5
 Alistair's Intoxication  Tmut/Pois      2%         N/A       100%        5
 Blade Hands              Tmut           2%         N/A       100%        5
 Borgnjor's Vile Clutch   Necr/Erth      1%         N/A       100%        5
 Excruciating Wounds      Necr           1%         N/A       100%        5
 Fireball                 Conj/Fire      1%         3d3       100%        5
 Lee's Rapid Deconstruct  Erth           1%         3d5*      100%        5
 Manifold Assault         Tloc           4%         N/A       100%        5
 Silence                  Hex/Air        2%         N/A       100%        5
 Summon Forest            Summ/Tloc      1%         N/A       100%        5
 Summon Mana Viper        Hex/Summ       3%         N/A       100%        5
 Yara's Violent Unravell  Hex/Tmut       2%         3d3       100%        5
 Eringya's Noxious Bog    Tmut/Pois      2%         N/A       100%        6
 Invisibility             Hex            2%         N/A       100%        6
 Simulacrum               Ice/Necr       1%         N/A       100%        6
 Starburst                Conj/Fire      1%         8x6d3     100%        6
 Statue Form              Tmut/Erth      2%         N/A       100%        6
 Dragon Form              Tmut           2%         N/A       100%        7
 Malign Gateway           Summ/Tloc      1%         N/A       100%        7
 Monstrous Menagerie      Summ           1%         N/A       100%        7
 Ozocubu's Refrigeration  Ice            1%         4d5       100%        7
 Storm Form               Tmut/Air       2%         N/A       100%        7
 Summon Hydra             Summ           1%         N/A       100%        7
 Ignition                 Fire           1%         3d3       100%        8
 Lehudib's Crystal Spear  Conj/Erth      1%         10d2      100%        8
 Summon Horrible Things   Summ           1%         N/A       100%        8
 Chain Lightning          Conj/Air       2%         3d3       100%        9
 Dragon's Call            Summ           1%         N/A       100%        9
 Fire Storm               Conj/Fire      1%         8d1       100%        9
 Shatter                  Erth           1%         3d6*      100%        9


Dungeon Overview and Level Annotations

Branches:
Dungeon (15/15)            Temple (1/1) D:6            Lair (6/6) D:9
 Shoals (4/4) Lair:2       Spider (4/4) Lair:3        Slime (0/5) Lair:6
    Orc (2/2) D:9             Elf (3/3) Orc:2        Vaults (4/5) D:13
  Crypt (1/3) Vaults:2     Depths (5/5) D:15            Zot (3/5) Depths:5
 Bailey (visited)

Altars:
Ashenzari
Cheibriados
Dithmenos
Elyvilon
Fedhas
Gozag
Hepliaklqana
Kikubaaqudgha
Makhleb
Nemelex Xobeh
Okawaru
Qazlal
Ru
Sif Muna
Trog
Uskayaw
Vehumet
Wu Jian
Xom
Yredelemnul
Zin
The Shining One
Beogh
Lugonu

Shops:
D:3 *[[?*   Orc:2 *[(=   Elf:1 (   Elf:2 *   Elf:3 *([*[   Shoals:2 *!
Shoals:4 (   Vaults:1 ::   Vaults:2 =   Vaults:3 *([   Vaults:4 *
Depths:2 :==

Portals:
Hell: Depths:1 Depths:2 Depths:3 Depths:4 Depths:5
Abyss: Depths:4 Depths:5
Pandemonium: Depths:3
Ziggurat: Depths:2

Annotations:
Lair:1 exclusion: oklob plant
Vaults:2 3 runed translucent doors, Tewud's ghost, journeyman FeIE
Vaults:4 4 runed translucent doors
Zot:3 1 transporter


Innate Abilities, Weirdness & Mutations

You are too large for most types of armour.
You have claws for hands.
Your natural rate of healing is unusually fast.
You are covered in fur. (AC +1)
You have tough skin. (AC +1)
You have large cloven feet.
Armour fits poorly on your strangely shaped body.
You are strong-willed. (Will+)
You are somewhat resistant to further mutation.
You are very weak. (Str -4)


Message History

The shadow dragon claws you but does no damage.
You block the shadow dragon's attack. You block the moth of wrath's attack.
You block the ancient lich's attack.
The curse toe calls on the powers of darkness!
The red draconian convulses!
The shadow dragon convulses!
The quicksilver dragon convulses!
The red draconian monk convulses!
The quicksilver dragon convulses!
The shadow dragon convulses!
Your body is wracked with pain!
* * * LOW HITPOINT WARNING * * *
The storm dragon convulses!
The moth of wrath convulses!
The red draconian shifter convulses!
The cacodemon gestures next to the storm dragon.
Some rock shatters into small pieces.
You block the moth of wrath's attack.
You block the quicksilver dragon's attack. x2
The curse toe calls on the powers of darkness!
The red draconian convulses!
The storm dragon convulses!
The quicksilver dragon convulses!
The red draconian monk convulses!
The shadow dragon convulses! x2; Your body is wracked with pain!
* * * LOW HITPOINT WARNING * * *
The red draconian shifter convulses!
The quicksilver dragon convulses!
The moth of wrath convulses!
The ancient lich casts a spell.
The ancient lich seems to speed up.
The shadow dragon misses you.
The shadow dragon claws you but does no damage.
You block the shadow dragon's attack.
You feel much better.
The shadow dragon is no longer berserk.
The quicksilver dragon is no longer blind.
The quicksilver dragon bites you.
* * * LOW HITPOINT WARNING * * *
You block the quicksilver dragon's attack.
The quicksilver dragon bites you!!
* * * LOW HITPOINT WARNING * * *
You block the quicksilver dragon's attack.
The moth of wrath bites you!
* * * LOW HITPOINT WARNING * * *
The red draconian shifter blinks!
The curse toe gestures.
The moth of wrath misses you. The quicksilver dragon bites you!
You die...

###################.##.####
#####........#########..###
#######..}(q###########.####
....###.........#"#$#"#.####
.....##.#....##########..###
..(...#.#...§2###}#!#$##.###
...†....#.#°.Dd########..###
..........##z>DD#=#©#:#©.###
....†.......DqDL@f....#.####
.............##y#f#$#?#####
...##.....#.######.########
...........######}#$#=##
#######.....###########
###........####
##############


You could see 2 shadow dragons, a red draconian monk (slow), an ancient lich
(fast), a storm dragon, a red draconian (slow), a curse toe, a cacodemon, a red
draconian shifter, 2 quicksilver dragons, a deathcap (summoned), a moth of wrath
and a wandering mushroom (summoned).

Vanquished Creatures
  2 dread liches
  Mara (Vaults:4)
  Mennas (Vaults:3)
  A juggernaut (Depths:2)
  Boris (Crypt:1)
  3 curse toes
  A caustic shrike (Depths:4)
  8 golden dragons
  6 bone dragons
  A profane servitor (Abyss:3)
  the Enchantress (Depths:4)
  Jory (Depths:3)
  A doom hound (Depths:5)
  The ghost of abarbat the Executioner, an adept MiBe of Trog (Vaults:4)
  4 hellephants
  Rupert (Orc:2)
  19 tentacled monstrosities
  3 titans
  12 liches
  4 deep elf blademasters
  3 deep elf master archers
  17 tentacled starspawn
  An Executioner (Abyss:3)
  2 eldritch tentacles (Abyss:3)
  4 quicksilver dragons
  6 death cobs
  A kraken (Shoals:2)
  6 shadow dragons
  Gastronok (Lair:3)
  8 storm dragons
  Kirke (Spider:4)
  5 sphinxes
  12 draconian monks (Zot:1)
  Roxanne (Shoals:1)
  A revenant (Abyss:1)
  4 tengu reavers
  9 fire giants
  A ghost moth (shapeshifter) (Depths:4)
  Donald (Vaults:4)
  3 draconian knights (Zot:1)
  9 deep elf sorcerers
  4 orc warlords
  9 vault wardens
  An iron dragon (Depths:3)
  3 draconian scorchers
  A ghoul (Abyss:1)
  Louise (Shoals:4)
  7 ghost moths
  10 frost giants
  A balrug (Depths:5)
  11 emperor scorpions
  5 draconian shifters
  2 cacodemons (Zot:3)
  The ghost of Hubris850 the Warrior, a journeyman MiGl of Makhleb (Lair:4)
  6 caustic shrike skeletons (Depths:4)
  5 spriggan defenders
  4 draconian annihilators
  8 draconian stormcallers
  A war gargoyle (Vaults:2)
  A reaper (Depths:5)
  8 deep elf elementalists
  11 ironbound preservers
  An ophan (Abyss:3)
  33 very ugly things
  21 stone giants
  5 vampire knights
  8 deep elf demonologists
  10 green draconians
  7 entropy weavers
  6 black draconians
  A lorocyproca (Abyss:1)
  3 red draconians (Zot:1)
  40 starcursed masses
  11 spark wasps
  13 deep elf annihilators
  9 white draconians
  2 dire elephants
  6 yellow draconians
  2 eleionomae (Depths:4)
  4 merfolk javelineers
  A green death (Abyss:3)
  The ghost of Vutwom the Wallflower, a journeyman MiHu of Uskayaw (Lair:2)
  3 purple draconians
  13 ettins
  7 deep elf death magi
  A blizzard demon (Abyss:1)
  11 merfolk impalers
  An eidolon (Vaults:2)
  13 fire dragons
  7 deep elf high priests
  4 yaktaur captains
  4 crystal guardians
  A quicksilver dragon zombie (Abyss:3)
  A jiangshi (Vaults:2)
  7 spriggan air magi
  11 boulder beetles
  11 ice dragons
  13 great orbs of eyes
  11 vault guards
  An ironbound thunderhulk (Vaults:3)
  16 ironbound frosthearts
  An ogre mage (D:15)
  Erolcha (Orc:2)
  7 hydras
  3 peacekeepers
  A merfolk avatar (Shoals:2)
  10 rakshasas
  23 centaur warriors
  An anaconda (Depths:4)
  2 merfolk aquamancers (Shoals:4)
  A satyr (shapeshifter) (Elf:2)
  29 dancing weapons
  3 satyrs
  10 two-headed ogres
  9 deep troll shamans
  2 deep troll earth magi
  A death scarab (Abyss:3)
  An alligator snapping turtle (Shoals:4)
  7 tengu warriors
  3 hell hogs
  8 death yaks (Depths:4)
  5 ironbound beastmasters
  7 spriggan berserkers
  13 thrashing horrors
  An orc high priest (Orc:2)
  Urug (Orc:2)
  40 spriggans (Depths:4)
  31 deep elf knights
  3 vampire magi
  2 sun demons
  14 hell knights
  10 wretched stars
  8 sixfirhies
  Sonja (Lair:2)
  6 spatial maelstroms
  5 iron trolls
  15 skeletal warriors
  7 spriggan druids (Depths:4)
  5 sea snakes
  7 glowing orange brains
  A tengu zombie (Vaults:3)
  50 deep trolls
  3 phantasmal warriors
  4 flayed ghosts
  12 lindwurms
  3 swamp dragons
  An anaconda skeleton (Abyss:1)
  A mana viper (shapeshifter) (Elf:1)
  16 wizards
  13 ironbound convokers
  16 deep elf archers
  33 deep elf zephyrmancers
  17 orb spiders
  48 deep elf pyromancers
  14 harpies
  14 orc knights
  A mana viper (Abyss:2)
  2 harpies (shapeshifter)
  11 necromancers
  3 will-o-the-wisps (Abyss:3)
  A glowing shapeshifter (Vaults:3)
  38 ugly things
  41 wolf spiders
  13 elephants
  8 orc sorcerers
  13 manticores
  5 fauns (Shoals:3)
  3 worldbinders
  A salamander (shapeshifter) (Elf:3)
  7 cyclopes
  9 merfolk sirens
  23 moths of wrath
  3 rust devils
  2 apocalypse crabs (Abyss:3)
  Maurice (D:13)
  25 vault sentinels
  2 black mambas
  2 water nymphs
  A guardian serpent (Abyss:3)
  2 gargoyles
  15 smoke demons
  6 torpor snails
  Maggie (Lair:2)
  14 cane toads
  2 rime drakes
  12 orange demons
  A cane toad (shapeshifter) (Abyss:3)
  A dire elephant skeleton (Abyss:3)
  A storm dragon simulacrum (Abyss:3)
  15 demonic crawlers
  3 efreet
  An elf skeleton (Vaults:3)
  2 unseen horrors (D:12)
  4 tormentors
  An ice devil (Depths:3)
  4 freezing wraiths
  8 komodo dragons
  A silent spectre (Abyss:3)
  7 ancient zymes
  7 yaktaurs
  5 tengu conjurers
  3 hellwings
  A queen bee (Lair:4)
  9 trolls
  5 meliai
  7 wind drakes
  Prince Ribbit (Lair:3)
  46 jumping spiders
  A polar bear (shapeshifter) (Elf:2)
  2 polar bears
  A wolf spider simulacrum (D:14)
  A hornet (shapeshifter) (Abyss:3)
  38 hornets
  17 merfolk
  6 tyrant leeches
  2 tengu simulacra (Vaults:3)
  A dream sheep (shapeshifter) (Abyss:2)
  7 dream sheep
  30 blink frogs
  35 slime creatures
  25 raiju
  An ice dragon zombie (Abyss:1)
  A slime creature (shapeshifter) (Vaults:4)
  5 snapping turtles
  An ettin zombie (Abyss:3)
  7 flying skulls (Abyss:2)
  4 air elementals
  2 vampires
  6 ynoxinuls
  7 shadows
  29 tarantellas
  A spriggan (shapeshifter) (Abyss:3)
  26 yaks
  106 redbacks
  20 water elementals
  3 wyverns
  2 fire elementals
  9 humans (D:13)
  7 wraiths
  5 hogs (Spider:3)
  6 basilisks
  A human (shapeshifter) (Depths:3)
  Grum (D:10)
  23 vampire mosquitoes
  4 fire bats
  A golden eye (shapeshifter) (Abyss:3)
  8 chaos spawn (Abyss:3)
  2 steam dragons
  A steam dragon (shapeshifter) (Depths:3)
  9 neqoxecs
  A warg (shapeshifter) (Abyss:3)
  29 large abominations
  8 spatial vortices
  7 wargs
  2 acid dragons
  2 floating eyes
  18 water moccasins
  A floating eye (shapeshifter) (D:15)
  48 orc warriors
  3 ice beasts
  2 sky beasts
  3 black bears
  A two-headed ogre skeleton (Crypt:1)
  4 swamp drakes
  10 boggarts
  30 small abominations
  11 ogres
  An ettin simulacrum (Vaults:3)
  3 necrophages
  2 centaurs (shapeshifter) (Abyss:3)
  3 wolves (D:10)
  11 centaurs
  3 kobold brigands
  A swamp dragon skeleton (Abyss:1)
  14 bullfrogs
  A wyvern zombie (D:9)
  A gnoll sergeant (D:6)
  17 scorpions
  A water moccasin zombie (D:5)
  5 earth elementals
  A wyvern skeleton (D:7)
  6 killer bees (Lair:4)
  5 howler monkeys
  9 wights
  6 spriggan skeletons
  3 electric eels
  A crimson imp (Abyss:1)
  A troll skeleton (D:12)
  4 centaur zombies
  2 quasits
  2 bullfrog zombies
  A human zombie (D:4)
  A gnoll shaman (D:6)
  2 hounds
  5 jellies
  14 orc priests
  A bullfrog skeleton (D:5)
  11 iguanas
  3 iron imps
  A human skeleton (Abyss:3)
  An iguana (shapeshifter) (Abyss:3)
  2 scorpion zombies (D:4)
  16 orc wizards
  A killer bee zombie (D:6)
  A hound zombie (D:5)
  A hound skeleton (D:5)
  4 mummies
  4 howler monkey zombies
  20 gnolls
  4 river rats (shapeshifter) (Abyss:3)
  11 adders
  A swamp drake zombie (Crypt:1)
  2 shadow imps (Abyss:3)
  6 white imps
  3 ufetubi
  3 adder zombies (D:4)
  3 worms
  80 orcs
  5 ball pythons
  A ball python (shapeshifter) (Abyss:3)
  4 bats
  7 endoplasms
  A giant cockroach (D:1)
  19 goblins
  24 hobgoblins
  9 jackals
  A quokka (D:1)
  3 training dummies (Shoals:4)
  A bat (shapeshifter) (Abyss:3)
  3 frilled lizards
  20 kobolds
  A rat (shapeshifter) (Abyss:3)
  6 rats
  A plant (Lair:6)
  6 starspawn tentacles
  A tentacle (Shoals:2)
2600 creatures vanquished.

Vanquished Creatures (others)
  A fire giant (Depths:1)
  A draconian stormcaller (Zot:1)
  Nessos (Orc:2)
  A vault guard (D:13)
  A deep elf knight (Elf:3)
  A large abomination (Abyss:3)
  A deep elf zephyrmancer (Elf:3)
  A blink frog (Abyss:3)
  A redback (Spider:2)
  A spriggan (Depths:4)
  A fire bat (Abyss:3)
  A fire elemental (Elf:3)
  A human (Spider:4)
  A small abomination (Abyss:3)
  An orc priest (Orc:1)
  A river rat (shapeshifter) (Abyss:3)
  A shadow imp (Abyss:1)
  An orc (Orc:2)
  A kobold (D:11)
  A bush (Lair:2)
  8 foxfires (Abyss:3)
  35 fungi
  5 lurking horrors
  100 plants
  35 starspawn tentacles
  9 tentacles (Shoals:2)
  7 withered plants (D:11)
219 creatures vanquished.

Grand Total: 2819 creatures vanquished

Notes
Turn   | Place    | Note
-------+----------+-------------------------------------------
     0 | D:1      | Spaninq the Troll Wanderer began the quest for the Orb.
     0 | D:1      | Spaninq set off with the following items: a +0 club, a +0
                  | robe; and the following spells available to memorise:
                  | Shock, Foxfire, Static Discharge, Swiftness, Ignite Poison,
                  | Airstrike
     0 | D:1      | Reached XP level 1. HP: 19/19 MP: 1/1
   346 | D:1      | Reached XP level 2. HP: 27/28 MP: 2/2
   347 | D:1      | Reached skill level 1 in Unarmed Combat
  1172 | D:2      | Found a shadowy altar of Dithmenos.
  1257 | D:2      | Reached XP level 3. HP: 34/35 MP: 3/3
  1662 | D:3      | Found a faded altar of an unknown god.
  1697 | D:3      | Reached skill level 1 in Armour
  1697 | D:3      | Reached skill level 1 in Dodging
  1810 | D:3      | Found Wucvulen's General Store.
  1815 | D:3      | Bought a scroll of fog for 26 gold pieces
  1956 | D:3      | Reached skill level 2 in Unarmed Combat
  1978 | D:3      | Reached XP level 4. HP: 34/42 MP: 4/4
  1982 | D:3      | Reached skill level 1 in Shields
  1982 | D:3      | Reached skill level 3 in Unarmed Combat
  1982 | D:3      | Reached XP level 5. HP: 21/50 MP: 5/5
  1986 | D:3      | Found Fimeakk's Antique Armour Shoppe.
  2070 | D:3      | Found Uhenish's Armour Shoppe.
  2205 | D:3      | HP: 2/44 [wight (6)]
  2241 | D:3      | Reached XP level 6. HP: 50/56 MP: 6/6
  2280 | D:3      | Found a stormy altar of Qazlal.
  2317 | D:3      | Found Ecideyde's Magic Scroll Shoppe.
  2386 | D:3      | Found Yfiellin's General Store.
  2640 | D:3      | Bought the +1 cloak of Peek-a-Boo {Fly rPois Regen+ Dex-5}
                  | for 135 gold pieces
  2683 | D:4      | Reached skill level 4 in Unarmed Combat
  3056 | D:4      | Reached skill level 5 in Unarmed Combat
  3056 | D:4      | Reached XP level 7. HP: 65/67 MP: 7/7
  3299 | D:4      | Found a snail-covered altar of Cheibriados.
  3386 | D:4      | Found an ancient bone altar of Kikubaaqudgha.
  3446 | D:4      | Reached skill level 6 in Unarmed Combat
  3526 | D:5      | Entered Level 5 of the Dungeon
  3563 | D:5      | Reached XP level 8. HP: 77/78 MP: 8/8
  4210 | D:5      | Reached skill level 7 in Unarmed Combat
  4328 | D:6      | Found a staircase to the Ecumenical Temple.
  4342 | Temple   | Entered the Ecumenical Temple
  4512 | Temple   | Became a worshipper of Ashenzari the Shackled
  4800 | D:6      | Reached skill level 5 in Fighting
  4800 | D:6      | Reached skill level 8 in Unarmed Combat
  4837 | D:6      | Reached XP level 9. HP: 87/88 MP: 9/9
  5007 | D:7      | Found a flagged portal.
  5016 | Bailey   | Entered a bailey
  5159 | Bailey   | Reached skill level 5 in Shields
  5159 | Bailey   | Reached skill level 9 in Unarmed Combat
  5438 | Bailey   | Noticed an orc warlord
  5455 | Bailey   | Reached skill level 10 in Shields
  5455 | Bailey   | Reached XP level 10. HP: 98/98 MP: 10/10
  5877 | Bailey   | Killed an orc warlord
  5878 | Bailey   | Reached skill level 10 in Unarmed Combat
  5878 | Bailey   | Reached XP level 11. HP: 63/106 MP: 11/11
  5885 | Bailey   | Identified a scroll of acquirement
  6150 | D:7      | Found an iron altar of Okawaru.
  6203 | D:7      | Found a glowing silver altar of Zin.
  7899 | D:9      | Reached skill level 11 in Unarmed Combat
  7946 | D:9      | Found a staircase to the Lair.
  8002 | D:9      | Reached * piety under Ashenzari
  8007 | D:9      | Found a staircase to the Orcish Mines.
  8340 | D:10     | Entered Level 10 of the Dungeon
  8559 | D:10     | Reached ** piety under Ashenzari
  8804 | D:10     | Noticed a deep elf pyromancer
  8811 | D:10     | Killed a deep elf pyromancer
  8963 | D:10     | Noticed Grum
  8974 | D:10     | Killed Grum
  9112 | D:11     | Reached *** piety under Ashenzari
  9304 | D:11     | Noticed a boulder beetle
  9331 | D:11     | Killed a boulder beetle
  9398 | D:11     | Reached skill level 12 in Unarmed Combat
  9398 | D:11     | Reached XP level 12. HP: 124/124 MP: 14/14
  9552 | Orc:1    | Entered Level 1 of the Orcish Mines
  9844 | Orc:2    | Entered Level 2 of the Orcish Mines
 10126 | Orc:2    | Noticed Erolcha
 10143 | Orc:2    | Killed Erolcha
 10209 | Orc:1    | Acquired a +0 hat of intelligence
 10218 | Orc:1    | Reached XP level 13. HP: 133/133 MP: 15/15
 10386 | Orc:2    | Noticed an orc warlord
 10448 | Lair:1   | Entered Level 1 of the Lair of Beasts
 10605 | Lair:1   | Found a blossoming altar of Fedhas.
 10720 | Lair:1   | Reached skill level 13 in Unarmed Combat
 11355 | Lair:2   | Found a runed translucent gate.
 11355 | Lair:2   | Found a runed translucent gate.
 11355 | Lair:2   | Found a runed translucent gate.
 11356 | Lair:2   | Noticed Vutwom's ghost (journeyman MiHu)
 11504 | Orc:1    | Killed an orc warlord
 11807 | Orc:2    | Found Virelutz's Jewellery Boutique.
 11876 | Orc:2    | Found a staircase to the Elven Halls.
 11981 | Orc:2    | Found Wianoas's General Store.
 11988 | Orc:2    | Noticed Rupert
 11989 | Orc:2    | Paralysed by Rupert for 7 turns
 11989 | Orc:2    | Noticed Urug
 12088 | Orc:2    | Reached XP level 14. HP: 144/144 MP: 16/16
 12139 | Orc:2    | Killed Rupert
 12153 | Orc:2    | Killed Urug
 12225 | Orc:2    | Noticed Nessos
 12226 | Orc:2    | Found Qiekhifi's Antique Weapon Shop.
 12235 | Orc:2    | Killed Nessos
 12247 | Orc:2    | Bought a runed fustibalus for 504 gold pieces
 12356 | Orc:2    | Found Ufiot's Antique Armour Shop.
 12944 | D:3      | Bought the +1 cloak of Starlight {*Dazzle EV+4 Stlth--} for
                  | 732 gold pieces
 12944 | D:3      | Found the +1 cloak of Starlight {*Dazzle EV+4 Stlth--}
 13543 | Lair:2   | Found a staircase to the Shoals.
 13607 | Lair:2   | Noticed Sonja
 13617 | Lair:2   | Killed Sonja
 13618 | Lair:2   | Reached skill level 14 in Unarmed Combat
 13924 | Lair:2   | Noticed Maggie
 13936 | Lair:2   | Killed Maggie
 14820 | D:12     | Reached **** piety under Ashenzari
 14992 | D:12     | HP: 2/146 [titanic slime creature (92)]
 15517 | D:12     | Reached ***** piety under Ashenzari
 16061 | Lair:3   | Noticed Gastronok
 16075 | Lair:3   | Killed Gastronok
 16133 | Lair:3   | Noticed Prince Ribbit
 16151 | Lair:3   | Killed Prince Ribbit
 16152 | Lair:3   | Reached skill level 5 in Dodging
 16166 | Lair:3   | Reached skill level 5 in Armour
 16322 | Lair:3   | Found a hole to the Spider Nest.
 16347 | Lair:3   | Reached XP level 15. HP: 158/158 MP: 18/18
 16972 | Lair:4   | Found a transporter.
 16976 | Lair:4   | Found a transporter.
 16977 | Lair:4   | Noticed Hubris850's ghost (journeyman MiGl)
 17021 | Lair:4   | Reached skill level 15 in Unarmed Combat
 18410 | Lair:6   | Entered Level 6 of the Lair of Beasts
 18431 | Lair:6   | Found a staircase to the Slime Pits.
 18541 | Lair:6   | Found a runed translucent door.
 18595 | Lair:6   | Paralysed by a hornet for 3 turns
 18605 | Lair:6   | Paralysed by a hornet for 2 turns
 19029 | Lair:6   | Reached skill level 10 in Fighting
 19629 | Shoals:1 | Entered Level 1 of the Shoals
 19815 | Shoals:1 | Identified Roxanne's Guide on Moulding
 19815 | Shoals:1 | Noticed Roxanne
 19828 | Shoals:1 | Killed Roxanne
 20280 | Shoals:2 | Found Xeboiss's General Store.
 20289 | Shoals:2 | Noticed a kraken
 20343 | Shoals:2 | Killed a kraken
 20475 | Shoals:2 | Found Ocukhluir's Distillery.
 20540 | Shoals:2 | Reached skill level 16 in Unarmed Combat
 21172 | Shoals:3 | Reached XP level 16. HP: 168/172 MP: 19/19
 22054 | Shoals:4 | Entered Level 4 of the Shoals
 22061 | Shoals:4 | Identified the +5 ring mail "Zikhoasm" {Str+3}
 22092 | Shoals:4 | Noticed Louise
 22100 | Shoals:4 | Killed Louise
 22171 | Shoals:4 | Identified the +1 scale mail of Fomom {Str+2 Int+6}
 23249 | Shoals:4 | Got a barnacled rune of Zot
 23289 | Shoals:4 | Identified the Catalogue of Shifting Summoning
 23368 | Shoals:4 | Found Maotus's Firing Range.
 23903 | Spider:1 | Entered Level 1 of the Spider Nest
 24405 | Spider:1 | Reached skill level 17 in Unarmed Combat
 24974 | Spider:2 | Reached XP level 17. HP: 182/182 MP: 20/20
 25341 | Spider:2 | Identified Sif Muna's Catalogue of the Blaze
 25373 | Spider:2 | Acquired the amulet "Paboywkoaric" {Spirit Will+ Slay+5}
 26987 | Spider:3 | Identified the +3 rapier "Syecvo" {freeze, +Blink rN+
                  | Str+3}
 27042 | Spider:4 | Entered Level 4 of the Spider Nest
 27195 | Spider:4 | Reached skill level 18 in Unarmed Combat
 27454 | Spider:4 | Noticed Kirke
 27473 | Spider:4 | Killed Kirke
 27892 | Spider:4 | Reached XP level 18. HP: 191/193 MP: 21/21
 27969 | Spider:4 | Reached skill level 15 in Shields
 28436 | Spider:4 | Got a gossamer rune of Zot
 29111 | D:13     | Identified Nuoth's Reference Book on Hexes and the
                  | Mountains
 29112 | D:13     | Identified the ring "Ikhitwaq" {Int+4 Dex+6}
 29146 | D:13     | Noticed Maurice
 29156 | D:13     | Killed Maurice
 29322 | D:13     | Identified the +8 glaive of Ruepser {vorpal, Will+ Str-4
                  | Int+4 Dex+3}
 29331 | D:13     | Found a gate to the Vaults.
 30444 | D:15     | Entered Level 15 of the Dungeon
 30642 | D:15     | Paralysed by an ogre mage for 6 turns
 30670 | D:15     | Reached skill level 19 in Unarmed Combat
 30985 | D:15     | Found a staircase to the Depths.
 31162 | Vaults:1 | Entered Level 1 of the Vaults
 31191 | Vaults:1 | Found Lusadav's Book Shop.
 31350 | Vaults:1 | Reached XP level 19. HP: 204/204 MP: 22/22
 31394 | Vaults:1 | Reached skill level 10 in Dodging
 31435 | Vaults:1 | Reached skill level 10 in Armour
 31487 | Vaults:1 | Found Hitid's Book Shoppe.
 31929 | Orc:2    | Bought gold dragon scales for 2400 gold pieces
 33017 | Vaults:2 | Found a runed translucent gate.
 33017 | Vaults:2 | Found a runed translucent gate.
 33017 | Vaults:2 | Found a runed translucent gate.
 33019 | Vaults:2 | Noticed Tewud's ghost (journeyman FeIE)
 33022 | Vaults:2 | Identified the +0 hat of Insecurity {Harm Int+4 Stlth-}
 33506 | D:3      | Bought a scroll of enchant armour for 90 gold pieces
 33956 | Vaults:2 | Cast into level 3 of the Abyss (a wizard)
 34179 | Abyss:3  | Noticed a dread lich
 34222 | Abyss:3  | Killed a dread lich
 34225 | Vaults:2 | Escaped the Abyss
 34400 | Vaults:2 | Found Ubirunwe's Jewellery Shoppe.
 34526 | Vaults:2 | Reached skill level 20 in Unarmed Combat
 34526 | Vaults:2 | Cast into level 2 of the Abyss (a wizard)
 34627 | Vaults:2 | Escaped the Abyss
 34964 | Vaults:2 | Reached XP level 20. HP: 211/211 MP: 22/22
 35129 | Vaults:2 | Found a staircase to the Crypt.
 36093 | Vaults:3 | Found Gozag's Antique Armour Shoppe.
 36200 | Vaults:3 | Found an opulent altar of Gozag.
 36200 | Vaults:3 | Found Gozag's Antique Weapon Emporium.
 36204 | Vaults:3 | Found Gozag's Assorted Antiques.
 36410 | Vaults:3 | Noticed Mennas
 36450 | Vaults:3 | Killed Mennas
 37645 | Vaults:4 | Found Echa's General Store.
 37649 | Vaults:4 | Noticed Mara
 37665 | Vaults:4 | Killed Mara
 37669 | Vaults:4 | Bought a potion of might for 76 gold pieces
 38035 | D:3      | Bought a scroll of acquirement for 624 gold pieces
 38036 | D:3      | Acquired a +1 hat of willpower
 38550 | Vaults:4 | Paralysed by a sphinx for 5 turns
 38578 | Vaults:4 | Found a large runed translucent door.
 38578 | Vaults:4 | Found a large runed translucent door.
 38578 | Vaults:4 | Found a large runed translucent door.
 38578 | Vaults:4 | Found a large runed translucent door.
 38578 | Vaults:4 | Found a large runed translucent door.
 38578 | Vaults:4 | Found a large runed translucent door.
 38578 | Vaults:4 | Noticed abarbat's ghost (adept MiBe)
 38579 | Vaults:4 | Found a large runed translucent door.
 38579 | Vaults:4 | Found a large runed translucent door.
 38739 | Vaults:4 | Reached skill level 21 in Unarmed Combat
 38802 | Vaults:4 | Reached XP level 21. HP: 219/219 MP: 23/23
 39081 | Vaults:4 | Identified the +9 triple crossbow "Ycliemuh" {venom, +Blink
                  | rF- rCorr Dex-4}
 39243 | Vaults:4 | Noticed Donald
 39253 | Vaults:4 | Killed Donald
 39390 | Vaults:4 | Found a portal to a secret trove of treasure.
 39522 | Vaults:4 | Killed abarbat's ghost
 39652 | Crypt:1  | Entered Level 1 of the Crypt
 39702 | Crypt:1  | Noticed Boris
 39726 | Crypt:1  | Killed Boris
 39953 | Depths:1 | Entered Level 1 of the Depths
 40039 | Depths:1 | Identified the +5 long sword of the Spheres {freeze, Str+3
                  | Dex-5 Stlth+}
 40349 | Depths:1 | Found a gateway to Hell.
 41835 | Depths:2 | Found Otwoufuw's Jewellery Emporium.
 41858 | Depths:2 | Reached XP level 22. HP: 154/234 MP: 24/24
 41915 | Depths:2 | Found Qyiblo's Jewellery Emporium.
 41916 | Depths:2 | Found Ymaelamu's Book Shop.
 41931 | Depths:2 | Bought a manual of Armour for 1120 gold pieces
 41948 | Depths:2 | Found a gateway to a ziggurat.
 42490 | Depths:3 | Reached skill level 22 in Unarmed Combat
 42512 | Depths:3 | Noticed a juggernaut
 42594 | Depths:2 | Killed a juggernaut
 43071 | Depths:3 | Noticed Jory
 43082 | Depths:3 | Killed Jory
 43104 | Depths:3 | Identified the +2 scale mail of the Sun {-Cast rElec rC+}
 43147 | Depths:3 | Noticed a golden dragon
 43170 | Depths:3 | Killed a golden dragon
 43548 | Depths:3 | Noticed a golden dragon
 43557 | Depths:3 | Killed a golden dragon
 43661 | Depths:3 | Reached XP level 23. HP: 169/244 MP: 25/25
 43828 | Depths:3 | Acquired 1144 gold pieces
 44199 | Depths:3 | Found a one-way gate leading to the halls of Pandemonium.
 44919 | Depths:2 | Reached skill level 23 in Unarmed Combat
 45033 | Depths:4 | Reached skill level 15 in Fighting
 45443 | Depths:4 | Noticed a caustic shrike
 45454 | Depths:4 | Killed a caustic shrike
 45947 | Depths:4 | Found a bloodstained altar of Trog.
 46249 | Depths:4 | Noticed the Enchantress
 46311 | Depths:4 | Killed the Enchantress
 46438 | Depths:4 | Found a one-way gate to the infinite horrors of the Abyss.
 46780 | Depths:5 | Entered Level 5 of the Depths
 46974 | Depths:5 | Identified the +1 scimitar of Green Innocence {freeze,
                  | Drain rPois Will+}
 47099 | Depths:5 | Found a basalt altar of Yredelemnul.
 47175 | Depths:5 | Reached XP level 24. HP: 256/256 MP: 25/25
 47503 | Depths:5 | Identified the +9 lajatang of Bahec {protect, rCorr Dex+5}
 47503 | Depths:5 | Identified the +1 shadow dragon scales of a bailey {+Blink
                  | Regen+ Str+3 Int+2 Stlth++++}
 47509 | Depths:5 | Reached skill level 15 in Armour
 47814 | Depths:5 | Found a corrupted altar of Lugonu.
 48375 | Depths:5 | Found a gate to the Realm of Zot.
 48779 | Elf:1    | Entered Level 1 of the Elven Halls
 48993 | Elf:1    | Paralysed by an air elemental for 1 turns
 48999 | Elf:1    | Paralysed by an air elemental for 1 turns
 49030 | Elf:1    | Reached skill level 24 in Unarmed Combat
 49195 | Elf:1    | Found Laufryah's Antique Weapon Emporium.
 49859 | Elf:2    | Paralysed by an air elemental for 1 turns
 49912 | Elf:2    | Identified the ring "Xonlac" {rC+ Int+4}
 50088 | Elf:2    | Found Teclowie's General Store.
 50227 | Elf:2    | Found a runed translucent gate.
 50227 | Elf:2    | Found a runed translucent gate.
 50227 | Elf:2    | Found a runed translucent gate.
 50734 | Elf:2    | Reached XP level 25. HP: 265/266 MP: 25/25
 50890 | Elf:3    | Entered Level 3 of the Elven Halls
 51023 | Elf:3    | Paralysed by an air elemental for 1 turns
 51024 | Elf:3    | Found Arecil's Assorted Antiques.
 51025 | Elf:3    | Paralysed by an air elemental for 1 turns
 51046 | Elf:3    | Bought a scroll of enchant armour for 285 gold pieces
 51576 | Vaults:4 | You paid a toll of +2 ice dragon scales to enter a treasure
                  | trove
 51577 | Trove    | Entered a treasure trove
 51580 | Trove    | Identified the +5 falchion of the Sky {elec, Dex+4}
 51580 | Trove    | Identified the +7 demon trident "Osi Vuyl" {pain, rN+ rCorr
                  | Str+3 Int+3}
 51581 | Trove    | Identified the +6 demon trident of a Thousand Ultimatums
                  | {pain, rElec rF- Str+5}
 52112 | Elf:3    | Found Diumasoq's General Store.
 52114 | Elf:3    | Found Wyujuh's Armour Emporium.
 52114 | Elf:3    | Found Ilielefu's Weapon Emporium.
 52116 | Elf:3    | Found Fabotoah's Antique Armour Emporium.
 52127 | Elf:3    | Bought a potion of heal wounds for 75 gold pieces
 52675 | Elf:3    | Identified the ring "Myhur" {Str+4 Int+2 Dex+6 Slay+2}
 53190 | Elf:3    | Identified the +3 whip "Isinwiurch" {freeze, Dex+3}
 53390 | Elf:3    | Identified the ring "Ogatoexu" {rC+ rN+ Will+ Int+6 Dex-3}
 53395 | Elf:3    | Identified the ring of Intercession {Ice SInv}
 53700 | Elf:3    | Found the +2 hat of the Bear Spirit {Spirit, +Rage rN+
                  | Will++}
 53716 | Elf:3    | Identified Juttol's Incunabulum of the Rocks and Snow
 54224 | Lair:2   | Killed Vutwom's ghost
 54363 | Lair:4   | Killed Hubris850's ghost
 54982 | Depths:4 | Voluntarily entered the Abyss.
 55079 | Abyss:3  | Found a corrupted altar of Lugonu.
 55119 | Abyss:3  | Found a corrupted altar of Lugonu.
 55207 | Abyss:3  | Reached skill level 25 in Unarmed Combat
 55233 | Abyss:3  | Found a corrupted altar of Lugonu.
 55302 | Abyss:3  | Gained mutation: You are weak. (Str -2) [a neqoxec]
 55526 | Abyss:3  | Found a corrupted altar of Lugonu.
 55557 | Abyss:3  | Identified the +8 hand crossbow of Light {venom, rPois rF++
                  | rC+ Str-3}
 56092 | Abyss:3  | Gained mutation: Your body sometimes deteriorates upon
                  | taking damage. [a neqoxec]
 56278 | Abyss:3  | Found a corrupted altar of Lugonu.
 56292 | Abyss:3  | Identified the +0 tower shield "Tootz" {Int+4}
 56386 | Abyss:3  | Reached skill level 15 in Dodging
 56828 | Abyss:3  | Gained mutation: You are very weak. (Str -4) [a neqoxec]
 56829 | Abyss:3  | Gained mutation: Your magical capacity is low. (-10% MP) [a
                  | neqoxec]
 56909 | Abyss:3  | Identified the +1 leather armour of Midsummer {rC+++ Int+7
                  | Slay-6 SInv}
 56929 | Abyss:3  | Reached XP level 26. HP: 288/288 MP: 24/24
 57170 | Depths:4 | Escaped the Abyss
 57316 | Depths:4 | Voluntarily entered the Abyss.
 57451 | Abyss:1  | Identified the ring of Fesucil {rC+ rCorr Dex+4 Slay+3}
 57539 | Abyss:1  | Lost mutation: Your body sometimes deteriorates upon taking
                  | damage. [potion of mutation]
 57539 | Abyss:1  | Lost mutation: Your magical capacity is low. (-10% MP)
                  | [potion of mutation]
 57539 | Abyss:1  | Gained mutation: You are strong-willed. (Will+) [potion of
                  | mutation]
 57539 | Abyss:1  | Gained mutation: You are somewhat resistant to further
                  | mutation. [potion of mutation]
 57701 | Abyss:1  | Found an ancient bone altar of Kikubaaqudgha.
 57754 | Abyss:1  | Gained mutation: You have large cloven feet. [a neqoxec]
 57962 | Abyss:1  | Paralysed by accursed screaming for 1 turns
 58003 | Abyss:1  | Found a runed translucent gate.
 58004 | Abyss:1  | Found a runed translucent gate.
 58005 | Abyss:1  | Found a runed translucent gate.
 58780 | Abyss:3  | Reached skill level 26 in Unarmed Combat
 58977 | Abyss:3  | Found a corrupted altar of Lugonu.
 59017 | Abyss:3  | Got an abyssal rune of Zot
 59100 | Depths:4 | Escaped the Abyss
 59199 | Zot:1    | Entered Level 1 of the Realm of Zot
 59218 | Zot:1    | Identified Voonecs's Compendium of the Zealot
 59219 | Zot:1    | Found a burning altar of Makhleb.
 59855 | Zot:1    | Reached XP level 27. HP: 261/297 MP: 27/27
 60669 | Zot:1    | Identified the Catalogue of Fire and Brimstone
 61307 | Zot:2    | Identified the +1 leather armour of the Four Underlurkers
                  | {rPois rCorr Stlth+}
 61664 | Zot:2    | Identified the +7 tower shield "Woll" {rF- Str+8 Slay+3}
 62489 | Zot:3    | Found a transporter.
 62541 | Zot:3    | Identified the amulet of Obueblus {Reflect +Inv Will+ rCorr
                  | Dex+3 SH+5}
 62541 | Zot:3    | Identified the amulet of Jugeab {rPois Regen+}
 62552 | Zot:3    | Found a transporter.
 62553 | Zot:3    | Identified Roxanne's Volume of Clay
 62617 | Zot:3    | Reached skill level 27 in Unarmed Combat
 62656 | Zot:3    | Found the brooch of Shielding {Spirit SH+8}
 62930 | Zot:3    | Noticed an ancient lich
 62930 | Zot:3    | Noticed a dread lich
 62947 | Zot:3    | Killed a dread lich
 62959 | Zot:3    | Gained mutation: Armour fits poorly on your strangely
                  | shaped body. [a cacodemon]
 62994 | Zot:3    | HP: 7/300 [moth of wrath (12)]
 62994 | Zot:3    | Slain by a quicksilver dragon

Illustrated notes

Levels and vault maps discovered:
D:1:      nicolae_arrival_somewhat_less_tricky_arrival, layout_basic
D:2:      layout_loops_ring, basic_altar, minmay_misc_feat_ornament,
          grunt_ministairs_9
D:3:      layout_basic, old_standard_altar, serial_shops, shop_statue, shop,
          shop, shop, nicolae_shop_trees, shapermc_ecumenical_altar_gd,
          minmay_circle_x
D:4:      layout_basic, cheibrodos_worm_habitat,
          lemuel_mausoleum_altar_kikubaaqudgha, corner_web_ring
D:5:      layout_basic
D:6:      layout_rooms, temple_fountains, chequers_serial_rivers_marsh
D:7:      layout_basic, kennysheep_little_box, general_overflow_altar,
          enter_bailey_8, chequers_serial_rivers_room_b
D:8:      layout_basic
D:9:      layout_roguey, david_lair_shrubbed, erik_orc_1
D:10:     layout_stronghold, uniq_grum
D:11:     layout_cave_pools, serial_undead, serial_undead_c, serial_undead_b,
          serial_undead_f, serial_undead_c, evilmike_minifort
D:12:     layout_basic, hangedman_tell_no_tales
D:13:     layout_cave_pools, ximxim_vaults_locker_room,
          minmay_the_grid_square_5x5_3x3_mashed
          [minmay_the_grid_square_5x5_tri_point,
          minmay_the_grid_square_5x5_eight, minmay_the_grid_square_5x5_lines,
          minmay_the_grid_square_5x5_empty,
          minmay_the_grid_square_5x5_megaprize_checkered,
          minmay_the_grid_square_5x5_minibox,
          minmay_the_grid_square_5x5_broken_cross,
          minmay_the_grid_square_5x5_plus,
          minmay_the_grid_square_5x5_checkered_statues], uniq_maurice
D:14:     layout_layer_cave, minmay_misc_feat_tiny
D:15:     gammafunk_enter_depths_forms, layout_cave_pools
Temple:   minmay_crystal_spiral_temple
Lair:1:   layout_long_grid, tgw_fedhas, lemuel_fruit_fields, grunt_megastairs_5
Lair:2:   layout_regular_city, minmay_shoals_entry_beasts,
          gammafunk_ghost_split, uniq_sonja, uniq_maggie
Lair:3:   layout_regular_city, spider_nest_entry_web_field, uniq_gastronok,
          uniq_prince_ribbit2
Lair:4:   layout_cave_pods, gammafunk_ghost_hive
Lair:5:   layout_loops_ring
Lair:6:   wormcave, layout_regular_city, guppyfry_lair_end_dragon,
          minmay_slime_entry_pillars, infiniplex_staircase_pool_2
Shoals:1: layout_shoals, nzn_prometheus_bound, uniq_roxanne
Shoals:2: layout_shoals, serial_shops, shop, nicolae_stop_n_shop_1
Shoals:3: layout_shoals
Shoals:4: shoals_end_simple, layout_shoals, nicolae_shop_firing_range,
          uniq_louise
Spider:1: layout_spider_delve, nicolae_spider_checkerboard
Spider:2: layout_spider_delve, spiders_nest_hornet_nest
Spider:3: layout_chambers, nicolae_spider_cling_halls
Spider:4: guppyfry_spider_rune, uniq_kirke
Orc:1:    layout_caves
Orc:2:    grunt_orc_gardens, layout_diamond_mine, grunt_orc_garden,
          grunt_orc_garden, grunt_orc_garden, grunt_orc_garden,
          david_defended_altar_orc, uniq_rupert, uniq_erolcha, uniq_urug,
          uniq_nessos
Elf:1:    elf_arrival_002, layout_geoelf_diagonals, serial_shops, shop,
          hangedman_elf_disciples
Elf:2:    layout_loops_cross, serial_shops, nicolae_lakefront_shop,
          onia_ninara_cookie
Elf:3:    minmay_elf_hall_four_x, layout_gridlike, serial_shops,
          nicolae_lakefront_shop, serial_sigils_hangedman_confine,
          serial_sigils_hangedman_shear, minivault_4, minmay_shop_grid_forest
Vaults:1: grunt_vaults_focal, nicolae_vaults_little_squares_3,
          layout_vaults_omnigrid, serial_shops, nicolae_shop_stone,
          nicolae_shop_competitors_out_of_business
Vaults:2: gammafunk_vaults_ghost_tricky_traps, nicolae_vaults_little_squares_1,
          ontoclasm_vaults_ring_square, ontoclasm_vaults_decontamination,
          minmay_crypt_entry_simple_statues, nicolae_vaults_triangles,
          nicolae_vaults_circle_grid_b, hangedman_vaults_stretched_pinwheel,
          dpeg_vaults_monster_row, nicolae_vaults_network_star,
          hangedman_vaults_snaps, hangedman_vaults_cutoff,
          hangedman_vaults_maws, layout_vaults_big_cross, serial_shops,
          nicolae_diamond_shop
Vaults:3: v_misc_4, nicolae_vaults_angled_halls, vaults_room_hallway,
          vaults_dpeg_ring, kennysheep_vaults_gozag_temple,
          nicolae_vaults_back_hallway, ontoclasm_vaults_bender,
          grunt_vaults_trifunnel, v_pattern_1, v_misc_16,
          vaults_room_ringed_pool, vaults_room_corners, vaults_room_fours,
          hangedman_vaults_nails, nicolae_vaults_shelves_hall,
          layout_vaults_omnibox, uniq_mennas
Vaults:4: advil_vaults_ghost_lines, nicolae_vaults_little_squares_2,
          nicolae_vaults_network_barrier, v_alt_pattern_6,
          dpeg_vaults_monster_box, ontoclasm_vaults_idyll, v_alt_pattern_2,
          nicolae_vaults_yaktaur_gun_rack, v_alt_pattern_1, vaults_room_grid,
          vaults_room_semicircle, nicolae_vaults_ring_of_whatevers,
          vaults_room_fours, vaults_room_pool, ontoclasm_vaults_gateway,
          layout_vaults_ring, enter_trove_5, serial_shops, shop, uniq_donald,
          uniq_mara
Crypt:1:  hangedman_staggered_hall, layout_chaotic_city, uniq_sojobo, uniq_boris
Depths:1: layout_gridlike, hangedman_coc_ice_floe, nrook_uturn,
          minmay_shattered_shrine
Depths:2: minmay_octagon_keep, layout_long_grid, enter_ziggurat_b, hell_entry,
          chequers_big_river, infiniplex_staircase_x, grunt_megastairs_2,
          minmay_shop_grove
Depths:3: hangedman_box_tower, layout_cave_pools, nicolae_water_bricks,
          hell_entry, grunt_pan_entry_zigzag, kennysheep_generic_room_3,
          uniq_jory
Depths:4: spriggan_forest, hell_entry, abyss_entry
Depths:5: evilmike_zot_entry_hall, layout_cave_shapes, lightli_too_deep,
          lemuel_tele_altar, abyss_entry_flame_altar, beargit_elvish_explorers,
          uniq_margery
Zot:1:    nicolae_zot_draconian_monastery, layout_basic
Zot:2:    kennysheep_room_grid, layout_onion_interference
Zot:3:    gammafunk_dig_for_victory, layout_misc_corridors, hangedman_swamp_dais

Skill      XL: |  1  2  3  4  5  6  7  8  9 10 11 12 13 14 15 16 17 18 19 20 21 22 23 24 25 26 27 |
---------------+----------------------------------------------------------------------------------+-----
Unarmed Combat | 1 2 3 5 6 8 9 10 12 13 14 16 17 18 19 20 21 22 23 24 25 26 27 | 27.0
Fighting       | 2 3 4 5 6 7 8 9 10 11 12 13 14 15 16 17 | 17.9
Armour         | 1 3 5 6 7 8 9 10 11 12 13 14 15 16 17 | 17.8
Dodging        | 1 3 5 6 7 9 10 11 12 13 14 15 16 | 16.6
Shields        | 1 2 3 4 10 11 12 13 14 15 16 17 18 19 | 19.8
Polearms       | |  1.5
Throwing       | |  1.7
Stealth        | |  1.0
Spellcasting   | |  1.0
Air Magic      | |  1.2

Action                   |  1- 3 |  4- 6 |  7- 9 | 10-12 | 13-15 | 16-18 | 19-21 | 22-24 | 25-27 || total
-------------------------+-------+-------+-------+-------+-------+-------+-------+-------+-------++-------
Melee: Dagger            |    84 |       |       |       |       |       |       |       |       ||    84
       Unarmed           |    33 |   132 |   464 |   581 |  1279 |  1622 |  1392 |  1746 |  2121 ||  9370
       Punch             |       |       |     9 |     3 |       |       |       |       |       ||    12
       War axe           |       |       |       |       |    49 |     6 |       |       |    15 ||    70
       Demon trident     |       |       |       |       |    10 |       |       |       |       ||    10
       Kick              |       |       |       |       |       |       |       |       |   322 ||   322
Invok: Curse Item        |       |       |       |     4 |     4 |     1 |     1 |       |     2 ||    12
       Shatter the Chain |       |       |       |       |     1 |     2 |     3 |       |       ||     6
Evoke: Wand              |       |       |       |       |       |     1 |       |     1 |     1 ||     3
  Use: Potion            |       |       |     3 |     7 |     1 |     2 |     4 |     1 |     8 ||    26
       Scroll            |       |       |       |     5 |       |     2 |     8 |     4 |    10 ||    29
 Stab: Sleeping          |     3 |       |     1 |     1 |     2 |       |       |       |       ||     7
       Distracted        |       |       |       |       |     1 |       |       |       |     1 ||     2
       Invisible         |       |       |       |       |       |       |     2 |    12 |     4 ||    18
Armor: Robe              |    44 |    47 |    73 |    85 |    82 |       |       |       |       ||   331
       Ice dragon scales |       |       |       |       |   104 |   491 |     7 |       |       ||   602
       Gold dragon scale |       |       |       |       |       |       |   235 |   281 |   385 ||   901
Dodge: Dodged            |    58 |    66 |   125 |   115 |   168 |   296 |   160 |   230 |   280 ||  1498
Block: Other             |       |     6 |    77 |    19 |       |       |       |       |       ||   102
       Tower shield      |       |       |       |   590 |  1193 |  1937 |  1090 |  1279 |  1574 ||  7663
       Reflection        |       |       |       |    25 |    24 |    61 |    52 |    65 |    81 ||   308

Table legend: (Time is in decaauts)
 A = Elapsed time spent in this place.
 B = Non-inter-level travel time spent in this place.
 C = Inter-level travel time spent in this place.
 D = Time resting spent in this place.
 E = Time spent auto-exploring this place.
 F = Levels seen in this place.
 G = Mean time per level.
                   A        B        C        D        E       F      G
               +--------+--------+--------+--------+--------+-----+--------+
         Total |  59511 |  52215 |   7296 |   6072 |  26161 |  58 | 1026.1 |
       Dungeon |  15092 |  11714 |   3378 |    476 |   8117 |  15 | 1006.1 |
        Temple |    234 |    143 |     91 |      0 |    126 |   1 |  234.0 |
          Lair |   5784 |   5200 |    584 |     61 |   3636 |   6 |  964.0 |
        Shoals |   4038 |   3945 |     93 |    564 |   1979 |   4 | 1009.5 |
   Spider Nest |   4464 |   4142 |    322 |    642 |   1438 |   4 | 1116.0 |
  Orcish Mines |   2183 |   1826 |    357 |    332 |    664 |   2 | 1091.5 |
   Elven Halls |   4161 |   3754 |    407 |    809 |   1599 |   3 | 1387.0 |
        Vaults |   7057 |   5757 |   1300 |    736 |   2677 |   4 | 1764.2 |
         Crypt |    107 |     90 |     17 |      0 |     12 |   1 |  107.0 |
        Depths |   8217 |   7617 |    600 |   1345 |   3774 |   5 | 1643.4 |
           Zot |   3448 |   3304 |    144 |    526 |   1458 |   3 | 1149.3 |
         Abyss |   3729 |   3729 |      0 |    542 |    455 |   8 |  466.1 |
         Trove |     36 |     36 |      0 |      0 |      0 |   1 |   36.0 |
        Bailey |    955 |    955 |      0 |     38 |    225 |   1 |  955.0 |
               +--------+--------+--------+--------+--------+-----+--------+

Top non-repeatable levels by time:
 Abyss:3: 2666 daAuts
Vaults:2: 2348 daAuts
Depths:4: 1871 daAuts
   Elf:2: 1849 daAuts
Vaults:3: 1835 daAuts
Depths:3: 1808 daAuts
Spider:3: 1739 daAuts
Depths:2: 1730 daAuts
Depths:5: 1620 daAuts
   Zot:1: 1531 daAuts
Vaults:1: 1465 daAuts
Shoals:3: 1447 daAuts
Vaults:4: 1409 daAuts
     D:9: 1378 daAuts
   Orc:2: 1355 daAuts
